 Dungeon Sprint DCSS version 0.17-a0-1701-gf693a3f (webtiles) character file.

270 Kidiri the Blocker (level 6, 0/93 HPs)
             Began as a Minotaur Fighter on Aug 21, 2015.
             Slain by a human (8 damage)
             ... in the Dungeon (Sprint III: "The Ten Rune Challenge").
             The game lasted 00:02:03 (475 turns).

Kidiri the Blocker (Minotaur Fighter)                Turns: 475, Time: 00:02:03

Health: 0/93       AC: 10    Str: 28    XL:     6   Next: 1%
Magic:  5/5        EV: 10    Int:  5    God:
Gold:   24         SH: 11    Dex:  9    Spells: 0 memorised, 5 levels left

rFire  . . .     SeeInvis .     a - +0 flail
rCold  . . .     Clarity  .     b - +1 scale mail
rNeg   . . .     SustAt   .     c - +0 shield
rPois  .         Gourm    .     (helmet unavailable)
rElec  .         Spirit   .     (no cloak)
rCorr  .         Warding  .     (no gloves)
rMut   .         NoTele   +     (no boots)
MR     .....                    (no amulet)
Stlth  ..........               (no ring)
                                (no ring)

@: berserking (expiring), very quick, not resistant to hostile enchantments,
extremely unstealthy
A: retaliatory headbutt, horns 3, talons 1, icy blue scales 1, robust 1,
screaming 1, no device heal 1
a: no special abilities


You were in the Dungeon.
You were not hungry.

You visited 1 branch You collected 24 gold pieces.

Inventory:

Hand weapons
 a - a +0 flail (weapon)
Armour
 b - a +1 scale mail (worn)
 c - a +0 shield (worn)
Scrolls
 k - a scroll of blinking
 n - a scroll of immolation
 p - 2 scrolls of remove curse
Potions
 d - a potion of might
 f - a potion of curing
 g - a potion of heal wounds
 h - a potion of haste
 i - 2 potions of magic
 r - 3 potions of cure mutation
 s - 2 potions of flight {unknown}
Comestibles
 e - a bread ration
 q - 2 royal jellies


   Skills:
 + Level 6.3 Fighting
 * Level 8.0 Maces & Flails
 * Level 8.3 Armour
 + Level 4.4 Dodging
 * Level 8.3 Shields


You had 5 spell levels left.
You didn't know any spells.

Dungeon Overview and Level Annotations

Branches:
Dungeon (1/1)

Altars:
Okawaru
Trog


Innate Abilities, Weirdness & Mutations

You reflexively headbutt those who attack you in melee.
You have a pair of large horns on your head.
You have sharp toenails.
You are partially covered in icy blue scales (AC +1).
You are robust (+10% HP).
You occasionally shout uncontrollably at your foes.
Potions and wands are less effective at restoring your health.


Message History

Your experience leads to an increase in your attributes!
Your base attributes are Str 22, Int 5, Dex 9.
Increase (S)trength, (I)ntelligence, or (D)exterity?
You feel stronger. The human hits you.
* * * LOW HITPOINT WARNING * * *
You see here a hunting sling.
You closely miss the human.
The human is heavily wounded.
The human misses you.
You barely miss the human. You claw the human!
The human is severely wounded.
You closely miss the human. You claw the human.
The human is severely wounded.
The human hits you but does no damage.
You closely miss the human. Your kick misses the human.
Your headbutt misses the human.
The human is severely wounded.
The human hits you!
You die...

▓..##.......#..#..# #...
▓##.##.##...#..#..###+#'###+
##.##.###..##+#..#.........
▓#.####.##..###...'.⌠.......
▓.###..##..####...#...######
▓#.....##..###....#.⌠.#
###..##...##.....#...#
##..##....#p.....#+###
#..###..##@#.....# #).#
#..#####....# ▓▓▓▓ ▓▓▓▓
▓▓▓▓▓▓


You could see a human.

Vanquished Creatures
  A water elemental (D)
  A scorpion (D)
  2 humans (D)
  An ooze (D)
  3 rats (D)
8 creatures vanquished.

Vanquished Creatures (others)
  2 draconian scorchers (D)
  A yaktaur (D)
3 creatures vanquished.

Grand Total: 11 creatures vanquished

Notes
Turn   | Place    | Note
--------------------------------------------------------------
     0 | D        | Kidiri the Minotaur Fighter began the quest for the Orb.
     0 | D        | Reached XP level 1. HP: 19/19 MP: 0/0
    15 | D        | Reached skill level 4 in Armour
   105 | D        | Noticed a scorpion
   113 | D        | Killed a scorpion
   113 | D        | Reached skill level 5 in Maces & Flails
   113 | D        | Reached skill level 5 in Armour
   113 | D        | Reached skill level 5 in Shields
   113 | D        | Reached XP level 2. HP: 25/28 MP: 1/1
   113 | D        | Reached XP level 3. HP: 30/34 MP: 2/2
   121 | D        | Reached skill level 6 in Shields
   121 | D        | Reached XP level 4. HP: 36/41 MP: 3/3
   143 | D        | Gained mutation: You have sharp toenails. [potion of mutation]
   143 | D        | Gained mutation: You are robust (+10% HP). [potion of mutation]
   143 | D        | Gained mutation: You are partially covered in icy blue scales (AC +1). [potion of mutation]
   144 | D        | Gained mutation: You occasionally shout uncontrollably at your foes. [potion of mutation]
   144 | D        | Gained mutation: You have a pair of large horns on your head. [potion of mutation]
   144 | D        | Gained mutation: Potions and wands are less effective at restoring your health. [potion of mutation]
   170 | D        | Killed a white draconian scorcher
   172 | D        | Killed a white draconian scorcher
   260 | D        | Noticed a water elemental
   273 | D        | Killed a water elemental
   273 | D        | Reached skill level 5 in Fighting
   359 | D        | Killed a yaktaur
   446 | D        | Found an iron altar of Okawaru.
   446 | D        | Found a bloodstained altar of Trog.
   446 | D        | Noticed a human
   448 | D        | Noticed a human
   470 | D        | Killed a human
   470 | D        | Reached skill level 8 in Maces & Flails
   470 | D        | Reached XP level 5. HP: 11/55 MP: 4/4
   470 | D        | Reached XP level 6. HP: 12/62 MP: 5/5
   475 | D        | Slain by a human

Vault maps used:
D:        dungeon_sprint_mu

Action                   |  1- 3 |  4- 6 || total
-------------------------+-------+-------++-------
Melee: Flail             |    26 |    25 ||    51
  Use: Scroll            |       |     4 ||     4
       Potion            |       |     3 ||     3
